AoeStats
← YouveFoundJonny

Arabia

507755319Analyzed
3v3 RM · 12d ago on Sep 19, 2026· 38m 3s· 6 players
Game mode
Random Map
Map size
Normal (6 player)
Population
200
Speed
Normal
Resources
Standard
Victory
Conquest
Starting age
Dark Age
Ending age
Imperial Age
RankedLock teamsTeams togetherTeam positionsShared explorationLock speedFull tech treeHidden civsTurbo modeCheats
Victory
Defeat
🇦🇷 Jurchens · Argentina
1309
+16
🇪🇸 Teutons · Spain
1287
+17
🇦🇷 Tatars · Argentina
1242
+18
🇳🇱 Muisca · Netherlands
1333
-19
🇬🇧 Bulgarians · United Kingdom
1302
-17
🇬🇧 Wu · United Kingdom
1263
-15
| ArCas | 4cei3
6:37 Loom
6:58 Loom
9:49 Feudal Age
12:41 Fletching
18:19 Padded Archer Armor
24:56 Castle Age
25:41 Bodkin Arrow
27:51 Leather Archer Armor
31:43 Bloodlines
31:34 Husbandry
39:12 Imperial Age
| ArCas | Agi_alex
6:12 Loom
9:19 Feudal Age
10:05 Double-Bit Axe
11:40 Horse Collar
14:59 Scale Barding Armor
21:43 Castle Age
20:30 Bloodlines
21:58 Forging
23:04 Chain Barding Armor
23:37 Heavy Plow
26:14 Wheelbarrow
26:25 Bow Saw
26:14 Gold Mining
29:06 Iron Casting
30:09 Hand Cart
29:39 Town Watch
41:01 Imperial Age
| ArCas | El BrancaS
6:37 Loom
8:46 Feudal Age
9:25 Double-Bit Axe
9:59 Horse Collar
19:36 Castle Age
18:04 Fletching
18:57 Padded Archer Armor
19:09 Bloodlines
20:17 Bodkin Arrow
27:01 Leather Archer Armor
29:22 Gold Mining
29:58 Bow Saw
35:42 Siege Engineers
37:02 Heavy Plow
37:11 Town Watch
38:02 Wheelbarrow
YouveFoundJonny
8:20 Loom
10:31 Feudal Age
26:33 Castle Age
27:45 Fletching
WignerSeitz
6:35 Loom
9:13 Feudal Age
10:14 Double-Bit Axe
10:15 Horse Collar
17:19 Scale Barding Armor
24:33 Castle Age
23:40 Bloodlines
23:42 Forging
25:43 Chain Barding Armor
25:16 Light Cavalry
25:58 Husbandry
27:02 Bow Saw
28:34 Iron Casting
32:28 Gold Mining
35:59 Heavy Plow
Ditters
6:57 Loom
9:28 Feudal Age
10:09 Double-Bit Axe
12:13 Fletching
14:17 Padded Archer Armor
19:24 Wheelbarrow
22:28 Castle Age
22:31 Crossbowman
23:07 Bodkin Arrow
24:21 Leather Archer Armor
24:42 Bow Saw
24:13 Horse Collar
24:54 Thumb Ring
26:24 Ballistics
27:20 Town Watch
27:52 Heavy Plow
32:02 Gold Mining
35:08 Imperial Age
33:37 Heavy Plow
35:57 Bracer
37:05 Chemistry
36:39 Arbalester
Connection lost

Rejoining the realm…

Still unreachable

The connection could not be restored.

Session expired

The server has moved on; the page needs a fresh start.